 Dungeon Crawl Stone Soup version 0.22-a0-458-gb446440 (webtiles) character file.

14 mhoghedin the Insei (level 2, -3/22 HPs)
             Began as a Demigod Transmuter on June 5, 2018.
             Slain by a hobgoblin
             ... wielding a +0 club
              (6 damage)
             ... on level 1 of the Dungeon on June 8, 2018.
             The game lasted 00:02:37 (616 turns).

mhoghedin the Insei (Demigod Transmuter)             Turns: 616, Time: 00:02:38

Health: -3/22      AC:  2    Str: 13    XL:     2   Next: 18%
Magic:  7/7        EV: 12    Int: 17    God:
Gold:   23         SH:  0    Dex: 16    Spells: 3/4 levels left

rFire    . . .     SeeInvis .     - Unarmed
rCold    . . .     Gourm    .   (no shield)
rNeg     . . .     Faith    .   b - +0 robe
rPois    .         Spirit   .   (no helmet)
rElec    .         Reflect  .   (no cloak)
rCorr    .         Harm     .   (no gloves)
MR       .....                  (no boots)
Stlth    +.........             f - amulet of inaccuracy (curse)
HPRegen  0.07/turn              (no ring)
MPRegen  0.10/turn              (no ring)

@: no status effects
A: high mp 1
a: no special abilities


You were on level 1 of the Dungeon.
You were not hungry.

You visited 1 branch of the dungeon, and saw 1 of its levels.

You collected 23 gold pieces.

Inventory:

Hand Weapons
 c - a +0 dagger
   (You took it off a goblin on level 1 of the Dungeon)
Missiles
 a - 12 arrows
Armour
 b - a +0 robe (worn)
Jewellery
 f - a cursed amulet of inaccuracy (around neck)
   (You found it on level 1 of the Dungeon)
Scrolls
 e - a scroll of blinking {unknown}
 g - a scroll of enchant weapon {unknown}
 h - a scroll of amnesia {unknown}
Comestibles
 d - a ration


   Skills:
 - Level 0.8 Fighting
 - Level 1.7 Dodging
 + Level 3.1 Unarmed Combat
 - Level 1.7 Spellcasting
 + Level 2.3 Transmutations


You had 3 spell levels left.
You knew the following spells:

 Your Spells              Type           Power        Failure   Level  Hunger
a - Beastly Appendage     Tmut           #.....       8%          1    #......

Your spell library contained the following spells:

 Spells                   Type           Power        Failure   Level  Hunger
 Spider Form              Tmut/Pois      #.........   36%         3    ###....
 Blade Hands              Tmut           #.........   91%         5    ######.
 Ice Form                 Ice/Tmut       #.......     77%         4    #####..
 Sticks to Snakes         Tmut           #.......     12%         2    ###....


Dungeon Overview and Level Annotations

Branches:
Dungeon (1/15)


Innate Abilities, Weirdness & Mutations

You have an increased reservoir of magic. (+10% MP)


Message History

No target in view!
No target in view!
No target in view!
No target in view!
No target in view!
No target in view!
No target in view!
No target in view!
No target in view!
No target in view!
No target in view!
Unknown command.
You start resting.
Health restored: 22
h - a scroll labeled JYJARA SEGHI You now have 23 gold pieces (gained 6).
You see here a dagger.
A frilled lizard comes into view.
A frilled lizard is nearby!
A frilled lizard is nearby!
The frilled lizard hisses angrily.
The frilled lizard bites you but does no damage.
You hit the frilled lizard.
You kill the frilled lizard!
A hobgoblin comes into view. It is wielding a club.
You see here a frilled lizard corpse.
The hobgoblin shouts!
You hear a shout! x2
The hobgoblin hits you with a club.
You take 1 damage, and have 21/22 hp.
You miss the hobgoblin. The hobgoblin misses you.
You barely miss the hobgoblin.
A hobgoblin comes into view. It is wielding a club.
A goblin comes into view. It is wielding a dagger.
The hobgoblin closely misses you.
You barely miss the hobgoblin. The hobgoblin barely misses you.
You closely miss the goblin. The hobgoblin closely misses you.
The goblin hits you with a dagger.
You take 4 damage, and have 17/22 hp.
You hit the goblin. The hobgoblin hits you with a club.
The goblin completely misses you.
You take 3 damage, and have 14/22 hp.
You miss the goblin. The hobgoblin barely misses you.
The goblin hits you with a dagger.
You take 3 damage, and have 11/22 hp.
You are too injured to fight recklessly!
You are too injured to fight recklessly!
You are too injured to fight recklessly!
You are too injured to fight recklessly!
You see here a frilled lizard corpse.
You grow a pair of large bovine horns.
The hobgoblin hits you with a club.
You take 3 damage, and have 8/22 hp.
You now have 6/7 mp.
You miss the hobgoblin.
The hobgoblin hits you but does no damage.
The goblin hits you with a dagger.
* * * LOW HITPOINT WARNING * * *
You take 2 damage, and have 6/22 hp.
MP restored: 7 Your transformation is almost over.
There is a stone staircase leading down here.
You aren't carrying any potions.
You hit the hobgoblin. The hobgoblin completely misses you.
You hit the hobgoblin. The hobgoblin closely misses you.
You extend your transformation's duration.
The hobgoblin hits you with a club.
You take 1 damage, and have 7/22 hp.
You now have 6/7 mp.
You hit the hobgoblin but do no damage. The hobgoblin closely misses you.
You closely miss the hobgoblin. Your headbutt misses the hobgoblin.
The hobgoblin hits you with a club.
* * * LOW HITPOINT WARNING * * *
You take 3 damage, and have 4/22 hp.
You closely miss the hobgoblin.
You headbutt the hobgoblin, but do no damage.
The hobgoblin hits you with a club.
* * * LOW HITPOINT WARNING * * *
You take 1 damage, and have 3/22 hp.
You closely miss the hobgoblin. The hobgoblin closely misses you.
You hit the hobgoblin.
You kill the hobgoblin!
You hit the hobgoblin but do no damage. The hobgoblin closely misses you.
You closely miss the hobgoblin.
Your transformation is almost over.
The hobgoblin closely misses you.
You barely miss the hobgoblin. Your headbutt misses the hobgoblin.
You barely miss the hobgoblin. The hobgoblin closely misses you.
MP restored: 7 You hit the hobgoblin but do no damage.
Your headbutt misses the hobgoblin.
The hobgoblin hits you but does no damage.
You barely miss the hobgoblin. The hobgoblin misses you.
You miss the hobgoblin. The hobgoblin hits you with a club.
* * * LOW HITPOINT WARNING * * *
You take 1 damage, and have 2/22 hp.
You miss the hobgoblin. The hobgoblin closely misses you.
You barely miss the hobgoblin. Your headbutt misses the hobgoblin.
The hobgoblin barely misses you.
Wield which item (- for none, * to show all)? (? for menu, Esc to quit)
You are now empty-handed.
You hit the hobgoblin but do no damage. Your headbutt misses the hobgoblin.
Your horns disappear.
The hobgoblin hits you with a club.
You die...

...........................÷.
#.###...#########.+#.###.####
# #......#.........# #.#
#..###.#.###..)..# #.# #..#
#.#.# #.....# #.# ##.###.#.#
#.....###.# #..##.#.#
#.##....#.# #.....#.#
#†##.##.#.# #.
#..####@###.##.##.#.#
#..###..# #g#...##.##.#.#
#.......####g#.####..#.#.####
#...........>....###.#.#.....
#....[....g..).........######
#...##.#.###.########.##.#
#..........#..)..........#
......#.#gg.##########.##.#
##.#..#.##..# ........##.#


You could see a hobgoblin and a goblin.

Vanquished Creatures
  A dart slug (D:1)
  2 hobgoblins (D:1)
  2 kobolds (D:1)
  3 bats (D:1)
  A frilled lizard (D:1)
  2 goblins (D:1)
  2 rats (D:1)
13 creatures vanquished.

Notes
Turn   | Place    | Note
-------+----------+-------------------------------------------
     0 | D:1      | mhoghedin the Demigod Transmuter began the quest for the Orb.
     0 | D:1      | Reached XP level 1. HP: 15/15 MP: 5/5
     0 | D:1      | Upgraded the game from 0.22-a0-455-ga0624bf to 0.22-a0-456-g11ed031
     0 | D:1      | Upgraded the game from 0.22-a0-456-g11ed031 to 0.22-a0-458-gb446440
    82 | D:1      | Reached skill level 2 in Transmutations
   110 | D:1      | Reached skill level 3 in Unarmed Combat
   404 | D:1      | Reached XP level 2. HP: 16/22 MP: 7/7
   602 | D:1      | HP: 4/22 [hobgoblin/club (3)]
   612 | D:1      | HP: 2/22 [hobgoblin/club (1)]
   616 | D:1      | Slain by a hobgoblin

Vault maps used:
D:1:      dpeg_arrival_erosion, minmay_misc_feat_tiny, corexii_corridor_pit,
          eino_curves_02

Skill      XL: |  1 |
---------------+----+-----
Transmutations | 2 |  2.3
Unarmed Combat | 3 |  3.1
Fighting       | |  0.8
Dodging        | |  1.7
Spellcasting   | |  1.7

Action                   || total
-------------------------++-------
Melee: Dagger            ||    94
       Unarmed           ||     5
       Kick              ||     1
       Headbutt          ||     1
 Cast: Beastly Appendage ||     3
Armor: Robe              ||    31
Dodge: Dodged            ||    70

Table legend:
 A = Spawn XP
 B = Non-spawn XP
 C = Spawn XP percentage of total XP
 D = Spawn monster count
 E = Non-spawn monster count
 F = Spawn count percentage of total count
 G = Total turns spent on level
                    A         B        C        D         E        F      G
               +---------+---------+-------+---------+---------+-------+---------
         Total |       0 |      21 |   0.0 |       0 |      13 |   0.0 |   616
               +---------+---------+-------+---------+---------+-------+---------
           D:1 |       0 |      21 |   0.0 |       0 |      13 |   0.0 |   616
               +---------+---------+-------+---------+---------+-------+---------

Vault maps used:
D:1:      dpeg_arrival_erosion, minmay_misc_feat_tiny, corexii_corridor_pit,
          eino_curves_02

Table legend:
 A = Turns spent in this place as a percentage of turns spent in the entire game.
 B = Non-inter-level travel turns spent in this place as a percentage of non-inter-level travel turns spent in the entire game.
 C = Inter-level travel turns spent in this place as a percentage of turns spent in this place.
 D = Turns resting spent in this place as a percentage of non-inter-level travel turns spent in this place.
 E = Turns spent auto-exploring this place as a percentage of non-inter-level travel turns spent in this place.
 F = Non-inter-level travel turns spent in this place divided by the number of levels of this place that you've seen.
                   A       B       C       D       E      F
               +-------+-------+-------+-------+-------+----------------------
         Total | 100.0 | 100.0 |   0.0 |  42.2 |  28.1 | 616.0
       Dungeon | 100.0 | 100.0 |   0.0 |  42.2 |  28.1 | 616.0
               +-------+-------+-------+-------+-------+----------------------

Table legend:
 A = Kills in this place as a percentage of kills in entire the game.
 B = Kills by you in this place as a percentage of kills by you in the entire game.
 C = Kills by friends in this place as a percentage of kills by friends in the entire game.
 D = Other kills in this place as a percentage of other kills in the entire game.
 E = Experience gained in this place as a percentage of experience gained in the entire game.
 F = Experience gained in this place divided by the number of levels of this place that you have seen.
                   A       B       C       D       E      F
               +-------+-------+-------+-------+-------+----------------------
         Total | 100.0 | 100.0 |   N/A |   N/A | 100.0 |  21.0
       Dungeon | 100.0 | 100.0 |   N/A |   N/A | 100.0 |  21.0
               +-------+-------+-------+-------+-------+----------------------
